 Dungeon Crawl Stone Soup version 0.21.1-1-g345015f (webtiles) character file.

88 Opti87 the Sneak (level 4, -6/24 HPs)
             Began as a Kobold Enchanter on May 25, 2018.
             Killed from afar by Kingsmith's ghost (19 damage)
             ... with a flame tongue
             ... on level 3 of the Dungeon.
             The game lasted 00:14:01 (3760 turns).

Opti87 the Sneak (Kobold Enchanter)                 Turns: 3760, Time: 00:14:01

Health: -6/24      AC:  4    Str:  5    XL:     4   Next: 81%
Magic:  7/8        EV: 16    Int: 16    God:
Gold:   114        SH:  0    Dex: 16    Spells: 2/8 levels left

rFire    . . .     SeeInvis .   s - +0 dagger (vamp)
rCold    . . .     Gourm    .   (shield restricted)
rNeg     . . .     Faith    .   b - +0 robe
rPois    .         Spirit   .   q - +0 helmet
rElec    .         Reflect  .   (no cloak)
rCorr    .         Harm     .   n - +0 pair of gloves
MR       .....                  (no boots)
Stlth    ++++......             (no amulet)
HPRegen  0.08/turn              g - ring of stealth
MPRegen  0.11/turn              (no ring)

@: no status effects
A: small, carnivore
a: no special abilities


You were on level 3 of the Dungeon.
You were not hungry.

You visited 1 branch of the dungeon, and saw 3 of its levels.

You collected 114 gold pieces.

Inventory:

Hand Weapons
 a - a +1 dagger
 s - a +0 vampiric dagger (weapon)
Missiles
 r - 13 poisoned needles
Armour
 b - a +0 robe (worn)
 n - a +0 pair of gloves (worn)
 q - a +0 helmet (worn)
 u - a +0 robe
Jewellery
 g - a ring of stealth (left hand)
Scrolls
 e - 2 scrolls of amnesia {unknown}
 h - 4 scrolls of identify {@r1}
 i - a scroll of enchant weapon {unknown}
 k - a scroll of immolation {unknown}
 l - 2 scrolls of teleportation
 m - a scroll of magic mapping {unknown}
 p - a scroll of remove curse {unknown}
Potions
 f - a potion of heal wounds {unknown}
 j - a potion of might {unknown}
 o - a potion of ambrosia {unknown}
 t - a potion of brilliance {unknown}
Books
 c - a book of Maledictions

   Spells                             Type                      Level
   a - Corona                         Hexes                        1
   b - Ensorcelled Hibernation        Hexes/Ice                    2
   c - Confuse                        Hexes                        3
   d - Tukima's Dance                 Hexes                        3
   e - Dazzling Spray                 Conjuration/Hexes            3
Comestibles
 d - 6 rations


   Skills:
 + Level 2.7 Short Blades
 + Level 3.2 Dodging
 + Level 4.8 Stealth
 + Level 2.8 Spellcasting
 + Level 3.5 Hexes


You had 2 spell levels left.
You knew the following spells:

 Your Spells              Type           Power        Failure   Level  Hunger
a - Corona                Hex            ##.....      4%          1    #......
b - Tukima's Dance        Hex            ##......     13%         3    ###....
c - Ensorcelled Hibernat  Hex/Ice        #.....       14%         2    ##.....


Dungeon Overview and Level Annotations

Branches:
Dungeon (3/15)

Altars:
Elyvilon

Annotations:
D:3 Kingsmith's ghost, amateur DEFE


Innate Abilities, Weirdness & Mutations

You are small and have problems with some larger weapons.
You are carnivorous and can eat meat at any time.


Message History

Kingsmith's ghost closely misses you.
You hit Kingsmith's ghost but do no damage.
Kingsmith's ghost is severely damaged.
The rat completely misses you. Kingsmith's ghost barely misses you.
Casting: Corona
Confirm with . or Enter, or press ? or * to list all spells.
Aiming: Corona
Press: ? - help, Shift-Dir - straight line, f/p - Kingsmith's ghost
Aim: Kingsmith's ghost (severely damaged, chance to defeat MR: 37%) Kingsmith's ghost resists with significant effort.
The rat misses you. Kingsmith's ghost hits you.
You closely miss Kingsmith's ghost.
Kingsmith's ghost is severely damaged.
The rat closely misses you.
You hit Kingsmith's ghost but do no damage.
Kingsmith's ghost is severely damaged.
Kingsmith's ghost points at you and mumbles some strange words.
The flame tongue hits you!
Ouch! That really hurt!
You die...

.#...## ....... ♣♣ ### #
#..... .. ....##.#...##
.##.......#...##
....###.........
##......###.......
#.....(.#.........
W.#.###@................
......rW........##......
!##.##........# #.......
########## ####...)
#.... #.... .##....
.._#.... ..##..##


You could see Kingsmith's ghost and a rat.

Vanquished Creatures
  Robin (D:1)
  A gnoll (D:3)
  2 adders (D:2)
  A dart slug (D:1)
  4 bats (D:1)
  13 goblins
  5 hobgoblins
  A quokka (D:2)
  2 ball pythons (D:1)
  8 frilled lizards
  4 kobolds
  6 rats
48 creatures vanquished.

Vanquished Creatures (collateral kills)
  A kobold (D:2)
1 creature vanquished.

Vanquished Creatures (others)
  A dancing weapon (D:2)
1 creature vanquished.

Grand Total: 50 creatures vanquished

Notes
Turn   | Place    | Note
-------+----------+-------------------------------------------
     0 | D:1      | Opti87 the Kobold Enchanter began the quest for the Orb.
     0 | D:1      | Reached XP level 1. HP: 10/10 MP: 3/3
   485 | D:1      | Reached XP level 2. HP: 15/15 MP: 5/5
  1648 | D:1      | Reached XP level 3. HP: 19/19 MP: 6/6
  1810 | D:1      | Learned a level 3 spell: Tukima's Dance
  1813 | D:1      | Learned a level 2 spell: Ensorcelled Hibernation
  2575 | D:2      | Noticed Robin
  2600 | D:1      | Killed Robin
  2600 | D:1      | Reached XP level 4. HP: 20/24 MP: 1/7
  3687 | D:3      | Found a white marble altar of Elyvilon.
  3734 | D:3      | Noticed Kingsmith's ghost (amateur DEFE)
  3760 | D:3      | Killed from afar by Kingsmith's ghost

Skill      XL: |  1  2  3 |
---------------+----------+-----
Short Blades   | 2 |  2.7
Dodging        | 3 |  3.2
Stealth        | |  4.8
Spellcasting   | |  2.8
Hexes          | |  3.5

Action                   |  1- 3 |  4- 6 || total
-------------------------+-------+-------++-------
Melee: Dagger            |   107 |    92 ||   199
 Cast: Tukima's Dance    |     4 |       ||     4
       Ensorcelled Hiber |     2 |     6 ||     8
       Corona            |       |     2 ||     2
  Use: Scroll            |       |     2 ||     2
 Stab: Sleeping          |    14 |     8 ||    22
       Distracted        |       |     1 ||     1
  Eat: Chunk             |     6 |     7 ||    13
       Ration            |       |     1 ||     1
Armor: Robe              |     3 |     9 ||    12
Dodge: Dodged            |    69 |    67 ||   136
